 Dungeon Crawl Stone Soup version 0.20.1-1-g8b1a95d (webtiles) character file.

289 Irenicus the Grave Robber (level 6, 0/49 HPs)
             Began as a Deep Dwarf Necromancer on Nov 3, 2017.
             Slain by an orc
             ... wielding a +0 falchion
              (5 damage)
             ... on level 3 of the Dungeon.
             The game lasted 00:08:09 (2439 turns).

Irenicus the Grave Robber (Deep Dwarf Necromancer)  Turns: 2439, Time: 00:08:10

Health: 0/49       AC:  5    Str: 11    XL:     6   Next: 9%
Magic:  0/9        EV: 12    Int: 16    God:
Gold:   90         SH:  0    Dex: 15    Spells: 4/9 levels left

rFire    . . .     SeeInvis +   q - +0 hand axe
rCold    + . .     Gourm    .   (no shield)
rNeg     . . .     Faith    .   k - +0 leather armour {rC+}
rPois    .         Spirit   .   (no helmet)
rElec    .         Reflect  .   (no cloak)
rCorr    .         Harm     .   (no gloves)
MR       ++...                  (no boots)
Stlth    ++........             (no amulet)
Regen    0.0/turn               h - ring of protection from magic
MPRegen  0.2/turn               m - ring of protection from magic

@: non-regenerating
A: damage resistance, heal wounds, slimy green scales 1, see invisible, sense
surroundings 1, subdued magic 1, sturdy frame 1, no regeneration
a: Heal Wounds


You were on level 3 of the Dungeon.
You were hungry.

You visited 1 branch of the dungeon, and saw 3 of its levels.

You collected 90 gold pieces.

Inventory:

Hand Weapons
 q - a +0 hand axe (weapon)
Armour
 a - a +0 robe
 k - a +0 leather armour of cold resistance (worn)
Jewellery
 h - a ring of protection from magic (left hand)
 m - a ring of protection from magic (right hand)
 o - a cursed -2 ring of protection {unknown}
Scrolls
 c - 2 scrolls of blinking {unknown}
 d - a scroll of identify {unknown}
 e - a scroll of fear {unknown}
 j - 3 scrolls of remove curse {unknown}
 l - 2 scrolls of teleportation {unknown}
 n - a scroll of immolation {unknown}
Potions
 g - a potion of cancellation
 i - a potion of mutation
 p - a potion of haste {unknown}
Books
 b - a book of Necromancy

   Spells                             Type                      Level
   a - Pain                           Necromancy                   1
   b - Animate Skeleton               Necromancy                   1
   c - Vampiric Draining              Necromancy                   3
   d - Regeneration                   Charms/Necromancy            3
   e - Animate Dead                   Necromancy                   4
   f - Control Undead                 Necromancy                   4
Comestibles
 f - 2 meat rations


   Skills:
 + Level 4.9 Axes
 - Level 2.1 Dodging
 - Level 2.4 Stealth
 - Level 2.0 Spellcasting
 - Level 6.0 Necromancy


You had 4 spell levels left.
You knew the following spells:

 Your Spells              Type           Power        Failure   Level  Hunger
a - Pain                  Necr           ###.         1%          1    #......
b - Animate Skeleton      Necr           N/A          1%          1    #......
e - Vampiric Draining     Necr           ###.......   4%          3    ###....


Dungeon Overview and Level Annotations

Branches:
Dungeon (3/15)

Altars:
Ashenzari
Sif Muna


Innate Abilities, Weirdness & Mutations

You are resistant to damage.
You can heal yourself by infusing magical energy.
You passively map a small area around you.
You do not regenerate.
You are partially covered in slimy green scales. (AC +2)
You have supernaturally acute eyesight. (SInv)
Your spells are a little easier to cast, but a little less powerful.
Your movements are slightly less encumbered by armour. (ER -2)


Message History

Aiming: Vampiric Draining
Press: ? - help, Shift-Dir - straight line, f - orc priest
Aim: an orc priest, wielding a club and wearing a ring mail (lightly wounded)
The orc priest is heavily wounded.
You feel life coursing into your body.
You are feeling hungry.
The orc priest hits you with a club. The orc hits you but does no damage.
It was a potion of mutation.
You feel extremely strange.
Slimy green scales grow over part of your body.
Your connection to magic feels subdued.
You feel less encumbered by your armour.
Your vision sharpens.
The orc priest completely misses you. The orc hits you with a falchion.
* * * LOW HITPOINT WARNING * * *
You hit the orc priest but do no damage.
The orc priest is heavily wounded.
You closely miss the orc.
The orc priest hits you but does no damage.
The orc hits you with a falchion.
You die...

* , , ...#....
.........#⌠ **+##.⌠#..##
*..........###, ####.###
*............# #....# #
............#, #...####
............#####......#
...................>##.#
(.....oo....###.###.#...
......)@....# #.###.#..#
............# #........#
............# ##.####.#.
,
............####.#......
...................###..
,
.##########........###..
#........#....
#.......##.#..
#.......##....


You could see an orc priest and an orc.

Vanquished Creatures
  A bullfrog (D:3)
  Jessica (D:3)
  An iguana (D:3)
  3 orc wizards (D:3)
  3 adders
  An ooze (D:1)
  A worm (D:2)
  3 dart slugs
  A leopard gecko (D:2)
  6 orcs (D:3)
  6 bats (D:1)
  4 giant cockroaches
  3 goblins
  6 hobgoblins
  4 jackals (D:2)
  2 ball pythons
  4 frilled lizards
  10 kobolds
  8 rats
68 creatures vanquished.

Vanquished Creatures (collateral kills)
  An orc (D:3)
1 creature vanquished.

Grand Total: 69 creatures vanquished

Notes
Turn   | Place    | Note
-------+----------+-------------------------------------------
     0 | D:1      | Irenicus the Deep Dwarf Necromancer began the quest for the Orb.
     0 | D:1      | Reached XP level 1. HP: 15/15 MP: 3/3
   253 | D:1      | Reached XP level 2. HP: 10/22 MP: 0/5
   306 | D:1      | Reached skill level 5 in Necromancy
   670 | D:1      | Reached XP level 3. HP: 6/28 MP: 3/6
   835 | D:1      | Learned a level 3 spell: Vampiric Draining
  1196 | D:2      | Learned a level 1 spell: Animate Skeleton
  1396 | D:2      | Found a deep blue altar of Sif Muna.
  1773 | D:2      | Reached skill level 6 in Necromancy
  1773 | D:2      | Reached XP level 4. HP: 11/36 MP: 0/7
  1912 | D:3      | Noticed a bullfrog
  1919 | D:3      | Killed a bullfrog
  1919 | D:3      | Reached XP level 5. HP: 17/42 MP: 0/8
  1983 | D:3      | Found a shattered altar of Ashenzari.
  2106 | D:3      | Noticed Jessica
  2201 | D:3      | Killed Jessica
  2429 | D:3      | Reached XP level 6. HP: 11/49 MP: 2/9
  2438 | D:3      | Gained mutation: You are partially covered in slimy green scales. (AC +2) [potion of mutation]
  2438 | D:3      | Gained mutation: Your spells are a little easier to cast, but a little less powerful. [potion of mutation]
  2438 | D:3      | Gained mutation: Your movements are slightly less encumbered by armour. (ER -2) [potion of mutation]
  2438 | D:3      | Gained mutation: You have supernaturally acute eyesight. (SInv) [potion of mutation]
  2439 | D:3      | Slain by an orc

Skill      XL: |  1  2  3  4  5 |
---------------+----------------+-----
Spellcasting   | 2 |  2.0
Necromancy     | 5 6 |  6.0
Axes           | 2 4 |  4.9
Dodging        | |  2.1
Stealth        | |  2.4

Action                   |  1- 3 |  4- 6 || total
-------------------------+-------+-------++-------
Melee: Unarmed           |   118 |       ||   118
       Hand axe          |    12 |    64 ||    76
 Cast: Pain              |    61 |     5 ||    66
       Vampiric Draining |    10 |    17 ||    27
       Animate Skeleton  |     2 |     2 ||     4
 Abil: Heal Wounds       |     1 |       ||     1
  Use: Potion            |       |     2 ||     2
 Stab: Sleeping          |     1 |       ||     1
  Eat: Chunk             |     1 |     4 ||     5
       Bread ration      |     1 |       ||     1
Armor: Robe              |     3 |       ||     3
       Leather armour    |    35 |    12 ||    47
Dodge: Dodged            |    91 |    41 ||   132
